 Dungeon Crawl Stone Soup version 0.28.0 (webtiles) character file.

Game seed: 9123649044772148904

497 LobsterGuardian the Sneak (level 7, -2/41 HPs)
             Began as an Octopode Earth Elementalist on Feb 9, 2022.
             Slain by a two-headed ogre (15 damage)
             ... on level 5 of the Dungeon.
             The game lasted 00:09:25 (5477 turns).

LobsterGuardian the Sneak (OpEE)                    Turns: 5477, Time: 00:09:26

Health: -2/41      AC:  1    Str:  7    XL:     7   Next: 15%
Magic:  10/12      EV: 13    Int: 19    God:
Gold:   129        SH:  0    Dex: 13    Spells: 5/13 levels left

rFire   . . .      SeeInvis .   f - +4 short sword
rCold   . . .      Faith    .   (no shield)
rNeg    . . .      Spirit   .   (helmet restricted)
rPois   .          Reflect  .   (no amulet)
rElec   .          Harm     .   (no ring)
rCorr   .          Rampage  .   (no ring)
Will    .....                   (no ring)
Stlth   ++++......              (no ring)
HPRegen 0.13/turn               (no ring)
MPRegen 0.13/turn               (no ring)
                                (no ring)
                                (no ring)

@: no status effects
A: almost no armour, amphibious, 8 rings, camouflage 1, gelatinous body 1,
(nimble swimmer 1), tentacles
a: no special abilities


You were on level 5 of the Dungeon.
You visited 1 branch of the dungeon, and saw 5 of its levels.

You collected 129 gold pieces.

Inventory:

Hand Weapons
 a - a +0 dagger
 f - a +4 short sword (weapon)
Missiles
 b - 85 stones
Jewellery
 e - an amulet of the acrobat
 l - a +4 ring of protection
Wands
 o - a wand of flame (20)
Scrolls
 d - 3 scrolls of teleportation
 h - a scroll of noise {unknown}
 n - a scroll of acquirement {unknown}
 p - a scroll of enchant armour {unknown}
 q - a scroll of magic mapping
Potions
 c - a potion of attraction
 g - 2 potions of curing {unknown}
 i - a potion of haste {unknown}
 j - a potion of ambrosia {unknown}
 k - a potion of cancellation {unknown}
 m - 2 potions of heal wounds


   Skills:
 + Level 0.2 Fighting
 + Level 1.0 Short Blades
 + Level 2.6 Dodging
 * Level 6.0 Stealth
 + Level 3.9 Spellcasting
 + Level 1.0 Transmutations
 * Level 5.1 Earth Magic


You had 5 spell levels left.
You knew the following spells:

 Your Spells              Type           Power      Damage    Failure   Level
a - Sandblast             Erth           46%        2d11      1%          1
b - Stone Arrow           Conj/Erth      26%        3d8       14%         3
c - Petrify               Tmut/Erth      15%        N/A       36%         4

Your spell library contained the following spells:

 Spells                   Type           Power      Damage    Failure   Level
 Passwall                 Tmut/Erth      12%        N/A       6%          2
 Animate Skeleton         Necr           6%         N/A       14%         1
 Pain                     Necr           12%        1d4       14%         1
 Ensorcelled Hibernation  Hex/Ice        6%         N/A       22%         2
 Swiftness                Air            3%         N/A       38%         3
 Vampiric Draining        Necr           3%         2d6       38%         3
 Freezing Cloud           Conj/Ice/Air   1%         6-21      98%         5
 Simulacrum               Ice/Necr       1%         N/A       100%        6
 Polar Vortex             Ice            1%         N/A       100%        9


Dungeon Overview and Level Annotations

Branches:
Dungeon (5/15)
 Temple: D:4-7

Altars:
Okawaru
Yredelemnul


Innate Abilities, Weirdness & Mutations

You cannot wear most types of armour.
You are amphibious.
You can wear up to eight rings at the same time.
Your skin changes colour to match your surroundings (Stealth+).
Your rubbery body absorbs attacks. (AC +1, EV +1)
((You are camouflaged when in or above water. (Stealth+)))
You have tentacles for arms and can constrict up to eight enemies at once.


Message History

An orc wizard comes into view. It is wielding a +0 dagger.
Unknown command.
You see here a necrophage skeleton.
The howler monkey howls!
A puff of flame appears from out of thin air!
The puff of flame hits you!
There is a stone staircase leading up here.
You climb upwards.
Reactivating autopickup.
There is a stone staircase leading down here.
Magic restored.
HP restored.
Done exploring.
Done exploring.
Done exploring.
You see here a +0 club.
There is a stone staircase leading up here.
There is a stone staircase leading down here.
You climb downwards.
There is a stone staircase leading up here.
g - 2 amethyst potions (gained 1)
Found a runed long sword.
q - a scroll of magic mapping A two-headed ogre comes into view.
It is wielding two +0 giant clubs.
A two-headed ogre is nearby!
A two-headed ogre is nearby!
Casting: Stone Arrow (dangerous; 14% risk of failure)
Confirm with . or Enter, or press ? or * to list all spells.
The spell is extremely dangerous to miscast (36% risk of failure)!
Continue anyway?
Aiming: Petrify (extremely dangerous; 36% risk of failure)
Press: ? - help, Shift-Dir - straight line, f - two-headed ogre
Aim: a two-headed ogre, wielding two +0 giant clubs (asleep, chance to affect: 31%)
The two-headed ogre shouts in stereo!
The two-headed ogre easily resists.
Unknown command.
You see here a +0 vorpal long sword.
The two-headed ogre hits you with a +0 giant club! x2
* * * LOW HITPOINT WARNING * * *
The two-headed ogre hits you with a +0 giant club!
You die...

## #. #.#####
#.#...#
#####.#.#.# #.
#..<#.)...#
...#####.####.###
........@.......#
###....O...#.#.#
..............#.#
..##.##########.#
... .........#
#.## ########## #


You could see a two-headed ogre.

Vanquished Creatures
  A necrophage (D:5)
  An ogre (D:4)
  A water moccasin skeleton (D:4)
  A bullfrog skeleton (D:5)
  A hound (D:4)
  Crazy Yiuf (D:4)
  Natasha (thrice) (D:4)
  3 adders
  An adder skeleton (D:4)
  A worm (D:2)
  3 dart slugs
  12 orcs
  8 endoplasms
  2 giant cockroaches
  4 goblins
  2 hobgoblins
  5 jackals
  5 kobolds
  A quokka (D:1)
  10 ball pythons
  2 frilled lizards
  3 rats
71 creatures vanquished.

Notes
Turn   | Place    | Note
-------+----------+-------------------------------------------
     0 | D:1      | LobsterGuardian the Octopode Earth Elementalist began the
                  | quest for the Orb.
     0 | D:1      | Reached XP level 1. HP: 11/11 MP: 3/3
   254 | D:1      | Reached XP level 2. HP: 17/17 MP: 1/5
   532 | D:1      | Reached skill level 3 in Stealth
  1285 | D:2      | Reached XP level 3. HP: 17/21 MP: 3/6
  1346 | D:2      | Found a faded altar of an unknown god.
  2746 | D:3      | Reached XP level 4. HP: 27/27 MP: 5/8
  2966 | D:3      | Found an iron altar of Okawaru.
  3235 | D:4      | Noticed Natasha
  3239 | D:4      | Killed Natasha
  3240 | D:4      | Reached skill level 4 in Stealth
  3253 | D:4      | Learned a level 3 spell: Stone Arrow
  3254 | D:4      | Noticed Natasha
  3258 | D:4      | Learned a level 4 spell: Petrify
  3474 | D:4      | Killed Natasha
  3475 | D:4      | Reached XP level 5. HP: 26/31 MP: 4/9
  3537 | D:4      | Reached skill level 5 in Stealth
  4128 | D:4      | Found a runed translucent door.
  4129 | D:4      | Noticed Crazy Yiuf
  4154 | D:4      | Reached XP level 6. HP: 36/36 MP: 9/11
  4715 | D:4      | Noticed Natasha
  4717 | D:4      | Killed Natasha
  4868 | D:4      | Killed Crazy Yiuf
  5118 | D:5      | Entered Level 5 of the Dungeon
  5118 | D:5      | Noticed a necrophage
  5125 | D:5      | Killed a necrophage
  5126 | D:5      | Reached skill level 6 in Stealth
  5126 | D:5      | Reached skill level 5 in Earth Magic
  5126 | D:5      | Reached XP level 7. HP: 36/41 MP: 9/12
  5181 | D:5      | Found a basalt altar of Yredelemnul.
  5190 | D:5      | Reached skill level 1 in Short Blades
  5455 | D:5      | Noticed a two-headed ogre
  5477 | D:5      | Slain by a two-headed ogre

Illustrated notes

Levels and vault maps discovered:
D:1:      dpeg_arrival_arbitrary_a, layout_loops_ring, minmay_crystal_room,
          minmay_tromino_v4_b
D:2:      layout_loops_cross, hellmonk_ecumenical_altar_arch_garden
D:3:      layout_loops_ring, okawaru_ov_weapons_minmay
D:4:      layout_loops_ring, uniq_crazy_yiuf_cottage, uniq_natasha
D:5:      layout_basic, slow_altar_1, mainiacjoe_overflow_surrounded_room,
          minmay_temple_entry_arrows, minmay_bent, uniq_edmund

Skill      XL: |  1  2  3  4  5  6  7 |
---------------+----------------------+-----
Stealth        | 3 4 5 6 |  6.0
Spellcasting   | 3 |  3.9
Earth Magic    | 4 5 |  5.1
Short Blades   | 1 |  1.0
Fighting       | |  0.2
Dodging        | |  2.6
Transmutations | |  1.0

Action                   |  1- 3 |  4- 6 |  7- 9 || total
-------------------------+-------+-------+-------++-------
Melee: Unarmed           |    16 |       |       ||    16
       Constrict         |     6 |    13 |     1 ||    20
       Tentacles         |     4 |    11 |       ||    15
       Dagger            |     9 |    29 |       ||    38
       Short sword       |       |     8 |     3 ||    11
       Punch             |       |       |     1 ||     1
 Cast: Sandblast         |    39 |    49 |     4 ||    92
       Petrify           |       |     2 |     2 ||     4
       Stone Arrow       |       |     2 |     1 ||     3
  Use: Scroll            |     6 |     2 |       ||     8
       Potion            |       |     1 |       ||     1
 Stab: Sleeping          |    10 |     4 |       ||    14
       Petrified         |       |     2 |       ||     2
Armor: Skin              |     2 |       |     1 ||     3
Dodge: Dodged            |    20 |    38 |     2 ||    60
